[ PARTIDA AOE2 · #473035208 ]
UnrankedPersas vs Vietnamese
[ ANÁLISIS DE REPETICIÓN · EXTRAÍDO DE LA PARTIDA GRABADA ]
Feudal
13:28
Castillos
21:11
Imperial
—
| APM promedio | 24.3 |
| APM pico | 50 |
| eAPM promedio | 11.1 |
| Aldeanos / militares | 50 / 6 |
Foco
⚔️ 20.0% · 🌾 80.0%
Fishing Ship ×11 · Unknown (2626) ×8 · Fire Galley ×4 · Monk ×2
Feudal
15:17
Castillos
19:37
Imperial
—
| APM promedio | 23.1 |
| APM pico | 73 |
| eAPM promedio | 10.7 |
| Aldeanos / militares | 54 / 2 |
Foco
⚔️ 16.3% · 🌾 83.7%
Fishing Ship ×12 · Unknown (2626) ×2 · Mangonel ×1 · Camel Archer ×1
Feudal
13:23
Castillos
16:59
Imperial
36:02
| APM promedio | 30.9 |
| APM pico | 54 |
| eAPM promedio | 18.9 |
| Aldeanos / militares | 134 / 73 |
Foco
⚔️ 36.6% · 🌾 63.4%
Rattan Archer ×57 · Battering Ram ×16 · Fishing Ship ×7
Feudal
14:08
Castillos
20:53
Imperial
33:22
| APM promedio | 19.3 |
| APM pico | 41 |
| eAPM promedio | 12.1 |
| Aldeanos / militares | 119 / 59 |
Foco
⚔️ 16.7% · 🌾 83.3%
Serjeant ×55 · Fishing Ship ×6 · Trebuchet (Packed) ×3 · Monk ×1
Feudal
16:07
Castillos
20:02
Imperial
—
| APM promedio | 28.8 |
| APM pico | 60 |
| eAPM promedio | 16.1 |
| Aldeanos / militares | 93 / 74 |
Foco
⚔️ 31.9% · 🌾 68.1%
Fire Lancer ×57 · Battering Ram ×17 · Fishing Ship ×14 · Unknown (1911) ×14
Feudal
13:01
Castillos
17:17
Imperial
—
| APM promedio | 18.6 |
| APM pico | 68 |
| eAPM promedio | 10.0 |
| Aldeanos / militares | 58 / 11 |
Foco
⚔️ 21.6% · 🌾 78.4%
Fishing Ship ×7 · Mangudai ×4 · Battering Ram ×3 · Mangonel ×2 · Scorpion ×2
Feudal
14:57
Castillos
20:26
Imperial
—
| APM promedio | 26.7 |
| APM pico | 62 |
| eAPM promedio | 13.3 |
| Aldeanos / militares | 99 / 12 |
Foco
⚔️ 10.6% · 🌾 89.4%
Fishing Ship ×28 · War Wagon ×11 · Unknown (2626) ×3 · Iron Pagoda ×1
Feudal
14:31
Castillos
26:33
Imperial
—
| APM promedio | 27.5 |
| APM pico | 66 |
| eAPM promedio | 15.1 |
| Aldeanos / militares | 46 / 8 |
Foco
⚔️ 26.7% · 🌾 73.3%
Fishing Ship ×10 · Archer ×8 · Unknown (2626) ×2
Mapa de la partida
Recursos iniciales + cada clic de construcción. Líneas = muros · curvas = relieve. ◆ oro · ⬟ piedra · ● bayas · ✦ reliquia · ◌ hueco del cierre
Tu base· Abierta — flanco sin cerrar
Base de 锦水有鸳· Abierta — hueco de 3t
Base de 姜小鱼· Abierta — hueco de 10t
Base de 蕾开丝滑· Abierta — flanco sin cerrar
Base de 名奈奈奈· Abierta — hueco de 7t
Base de 1352078704· Abierta — hueco de 11t
Base de 崽仔· Abierta — hueco de 6t
Base de BsqfslY· Abierta — hueco de 7t
Terreno inicial suavizado · ◌ = hueco del cierre detectado · pasá el cursor para detalles
Inputs por minuto
— NEWGUY - - 锦水有鸳
Build order — NEWGUY
122 acciones detectadas en el replay
| 0:49 | Construir | Dock |
| 1:10 | Construir | Town Center |
| 1:39 | Construir | House |
| 3:35 | Crear | Villager (Male) |
| 3:35 | Crear | Villager (Male) |
| 3:35 | Crear | Villager (Male) |
| 3:36 | Crear | Villager (Male) |
| 3:36 | Crear | Villager (Male) |
| 3:36 | Crear | Villager (Male) |
| 3:52 | Crear | Fishing Ship |
| 4:12 | Crear | Villager (Male) |
| 4:12 | Crear | Villager (Male) |
| 4:37 | Construir | House |
| 4:47 | Construir | House |
| 5:25 | Crear | Villager (Male) |
| 5:26 | Crear | Villager (Male) |
| 6:03 | Crear | Villager (Male) |
| 6:03 | Crear | Villager (Male) |
| 6:04 | Crear | Villager (Male) |
| 6:09 | Crear | Fishing Ship |
| 6:31 | Construir | House |
| 6:49 | Crear | Villager (Male) |
| 7:01 | Crear | Fishing Ship |
| 7:15 | Crear | Villager (Male) |
| 7:15 | Crear | Villager (Male) |
| 7:39 | Construir | House |
| 7:41 | Construir | Palisade Wall |
| 7:49 | Crear | Villager (Male) |
| 7:49 | Crear | Villager (Male) |
| 8:28 | Crear | Villager (Male) |
| 8:42 | Crear | Fishing Ship |
| 8:56 | Crear | Villager (Male) |
| 8:59 | Crear | Fishing Ship |
| 9:18 | Crear | Fishing Ship |
| 9:28 | Construir | House |
| 9:29 | Crear | Villager (Male) |
| 9:37 | Crear | Villager (Male) |
| 9:55 | Construir | House |
| 10:14 | Crear | Villager (Male) |
| 10:16 | Crear | Fishing Ship |
| 10:37 | Construir | Lumber Camp |
| 10:48 | Crear | Villager (Male) |
| 11:00 | Construir | House |
| 11:05 | Construir | House |
| 11:24 | Investigar | Feudal Age |
| 12:41 | Construir | Mining Camp |
| 12:58 | Construir | House |
| 13:11 | Construir | House |
| 13:18 | Construir | House |
| 13:28 | Edad | Edad Feudal |
| 13:31 | Crear | Villager (Male) |
| 13:32 | Investigar | Loom |
| 13:44 | Construir | Dock |
| 13:48 | Crear | Unit 2626 |
| 13:49 | Crear | Unit 2626 |
| 13:52 | Crear | Villager (Male) |
| 14:05 | Investigar | Double-Bit Axe |
| 14:14 | Construir | House |
| 14:17 | Construir | Palisade Wall |
| 14:37 | Crear | Unit 2626 |
| 14:37 | Crear | Unit 2626 |
| 14:47 | Crear | Villager (Male) |
| 14:52 | Crear | Villager (Male) |
| 15:13 | Construir | House |
| 15:15 | Crear | Villager (Male) |
| 15:22 | Crear | Fire Galley |
| 15:22 | Crear | Fire Galley |
| 15:38 | Crear | Villager (Male) |
| 15:53 | Crear | Villager (Male) |
| 16:15 | Construir | Mill |
| 16:22 | Construir | House |
| 16:28 | Crear | Villager (Male) |
| 16:39 | Crear | Unit 2626 |
| 16:39 | Crear | Unit 2626 |
| 16:43 | Crear | Villager (Male) |
| 16:52 | Crear | Villager (Male) |
| 17:05 | Crear | Villager (Male) |
| 17:22 | Crear | Unit 2626 |
| 17:23 | Crear | Unit 2626 |
| 17:28 | Construir | Market |
| 17:31 | Construir | Palisade Wall |
| 17:35 | Construir | Blacksmith |
| 17:42 | Crear | Villager (Male) |
| 18:25 | Construir | House |
| 18:46 | Investigar | Castle Age |
| 18:55 | Construir | Palisade Wall |
| 18:56 | Construir | Palisade Wall |
| 19:02 | Crear | Fishing Ship |
| 19:02 | Crear | Fishing Ship |
| 19:08 | Investigar | Tech 906 |
| 19:15 | Crear | Fire Galley |
| 19:15 | Crear | Fire Galley |
| 19:59 | Crear | Fishing Ship |
| 20:00 | Crear | Fishing Ship |
| 21:11 | Edad | Edad de los Castillos |
| 21:18 | Investigar | War Galley (upgrade) |
| 21:55 | Investigar | Gillnets |
| 21:57 | Investigar | Bow Saw |
| 21:58 | Crear | Villager (Male) |
| 21:58 | Crear | Villager (Male) |
| 21:58 | Crear | Villager (Male) |
| 22:08 | Investigar | Wheelbarrow |
| 22:38 | Construir | Town Center |
| 22:44 | Construir | Town Center |
| 23:28 | Construir | Monastery |
| 23:32 | Crear | Villager (Male) |
| 24:09 | Crear | Monk |
| 24:10 | Crear | Monk |
| 24:33 | Crear | Villager (Male) |
| 25:19 | Crear | Villager (Male) |
| 25:19 | Crear | Villager (Male) |
| 25:44 | Crear | Villager (Male) |
| 26:00 | Construir | Lumber Camp |
| 26:24 | Construir | Town Center |
| 26:36 | Crear | Villager (Male) |
| 26:49 | Crear | Villager (Male) |
| 27:26 | Crear | Villager (Male) |
| 27:31 | Construir | Dock |
| 27:36 | Crear | Villager (Male) |
| 27:41 | Crear | Villager (Male) |
| 27:57 | Crear | Villager (Male) |
| 28:20 | Construir | Mining Camp |
Build order — 锦水有鸳
119 acciones detectadas en el replay
| 0:36 | Construir | Town Center |
| 2:16 | Construir | Dock |
| 2:27 | Construir | House |
| 3:00 | Crear | Villager (Male) |
| 3:00 | Crear | Villager (Male) |
| 3:00 | Crear | Villager (Male) |
| 3:07 | Construir | House |
| 3:46 | Crear | Villager (Male) |
| 4:37 | Construir | Building 796 |
| 4:47 | Crear | Villager (Male) |
| 4:47 | Crear | Villager (Male) |
| 4:50 | Crear | Fishing Ship |
| 5:17 | Investigar | Loom |
| 5:28 | Construir | House |
| 5:46 | Crear | Villager (Male) |
| 5:46 | Crear | Villager (Male) |
| 6:04 | Crear | Fishing Ship |
| 6:13 | Crear | Villager (Male) |
| 6:15 | Crear | Villager (Male) |
| 6:15 | Crear | Villager (Male) |
| 6:27 | Construir | House |
| 6:32 | Construir | Palisade Wall |
| 7:11 | Crear | Villager (Male) |
| 7:11 | Crear | Villager (Male) |
| 7:12 | Crear | Fishing Ship |
| 7:43 | Crear | Villager (Male) |
| 7:43 | Crear | Villager (Male) |
| 7:47 | Crear | Fishing Ship |
| 8:08 | Crear | Villager (Male) |
| 8:16 | Crear | Villager (Male) |
| 8:17 | Crear | Villager (Male) |
| 8:36 | Construir | House |
| 8:46 | Construir | House |
| 8:48 | Construir | House |
| 8:56 | Construir | House |
| 8:58 | Crear | Villager (Male) |
| 9:05 | Crear | Fishing Ship |
| 9:31 | Construir | Building 796 |
| 9:58 | Crear | Villager (Male) |
| 10:00 | Crear | Fishing Ship |
| 10:00 | Crear | Fishing Ship |
| 10:16 | Construir | House |
| 10:23 | Construir | House |
| 10:25 | Construir | House |
| 10:33 | Crear | Villager (Male) |
| 10:33 | Crear | Villager (Male) |
| 10:34 | Crear | Villager (Male) |
| 10:48 | Construir | Mill |
| 10:59 | Construir | Outpost |
| 11:22 | Crear | Villager (Male) |
| 12:12 | Crear | Villager (Male) |
| 12:15 | Crear | Fishing Ship |
| 12:31 | Construir | House |
| 12:33 | Construir | House |
| 12:35 | Construir | Palisade Wall |
| 12:42 | Crear | Villager (Male) |
| 13:02 | Investigar | Feudal Age |
| 14:55 | Construir | House |
| 14:59 | Construir | Palisade Wall |
| 15:07 | Crear | Villager (Male) |
| 15:08 | Crear | Villager (Male) |
| 15:14 | Construir | Barracks |
| 15:17 | Edad | Edad Feudal |
| 15:20 | Crear | Villager (Male) |
| 15:24 | Construir | Blacksmith |
| 15:31 | Construir | Market |
| 15:36 | Construir | Palisade Wall |
| 15:52 | Construir | Palisade Wall |
| 16:06 | Construir | House |
| 16:07 | Construir | House |
| 16:10 | Crear | Villager (Male) |
| 16:15 | Construir | Lumber Camp |
| 16:47 | Crear | Unit 2626 |
| 16:51 | Investigar | Castle Age |
| 17:00 | Construir | Building 796 |
| 17:25 | Construir | Mining Camp |
| 17:55 | Crear | Unit 2626 |
| 18:05 | Construir | House |
| 18:09 | Construir | House |
| 18:17 | Crear | Villager (Male) |
| 18:18 | Investigar | Double-Bit Axe |
| 19:37 | Edad | Edad de los Castillos |
| 19:43 | Construir | Town Center |
| 20:16 | Construir | Castle |
| 20:26 | Construir | Palisade Wall |
| 20:30 | Construir | Palisade Wall |
| 20:31 | Construir | Palisade Wall |
| 21:06 | Construir | Siege Workshop |
| 21:28 | Investigar | Fletching |
| 21:56 | Crear | Mangonel |
| 22:13 | Crear | Villager (Male) |
| 22:13 | Crear | Villager (Male) |
| 22:14 | Crear | Villager (Male) |
| 22:14 | Crear | Villager (Male) |
| 22:21 | Crear | Camel Archer |
| 23:45 | Crear | Villager (Male) |
| 23:46 | Crear | Villager (Male) |
| 24:25 | Crear | Fishing Ship |
| 24:25 | Crear | Fishing Ship |
| 25:10 | Crear | Villager (Male) |
| 25:10 | Crear | Villager (Male) |
| 25:11 | Crear | Villager (Male) |
| 25:51 | Crear | Villager (Male) |
| 26:48 | Crear | Villager (Male) |
| 26:53 | Construir | Market |
| 27:01 | Crear | Villager (Male) |
| 27:01 | Crear | Villager (Male) |
| 27:06 | Crear | Fishing Ship |
| 27:09 | Crear | Fishing Ship |
| 28:01 | Construir | Town Center |
| 28:12 | Crear | Villager (Male) |
| 28:13 | Crear | Villager (Male) |
| 29:30 | Crear | Villager (Male) ×4 |
| 29:30 | Crear | Villager (Male) ×4 |
| 30:15 | Construir | House |
| 30:17 | Construir | House |
| 30:18 | Construir | House |
| 30:19 | Construir | House |
| 30:21 | Construir | House |
Build order — 姜小鱼
Primeras 150 de 320 acciones detectadas
| 0:02 | Construir | Town Center |
| 0:12 | Construir | Dock |
| 0:14 | Construir | House |
| 2:22 | Crear | Villager (Male) |
| 2:22 | Crear | Villager (Male) |
| 2:23 | Crear | Villager (Male) |
| 2:23 | Crear | Villager (Male) |
| 3:25 | Crear | Villager (Male) |
| 3:48 | Crear | Fishing Ship |
| 4:07 | Construir | House |
| 4:19 | Investigar | Loom |
| 4:53 | Crear | Villager (Male) |
| 5:20 | Crear | Villager (Male) |
| 5:33 | Crear | Fishing Ship |
| 5:44 | Crear | Villager (Male) |
| 5:59 | Construir | House |
| 6:02 | Crear | Villager (Male) |
| 6:26 | Crear | Villager (Male) |
| 6:26 | Crear | Villager (Male) |
| 6:41 | Crear | Fishing Ship |
| 6:52 | Crear | Villager (Male) |
| 7:03 | Construir | House |
| 7:16 | Crear | Villager (Male) |
| 7:19 | Crear | Fishing Ship |
| 7:37 | Crear | Villager (Male) |
| 8:06 | Crear | Villager (Male) |
| 8:07 | Crear | Fishing Ship |
| 8:38 | Crear | Fishing Ship |
| 8:43 | Construir | House |
| 8:48 | Crear | Villager (Male) |
| 9:21 | Crear | Villager (Male) |
| 9:21 | Crear | Fishing Ship |
| 9:44 | Crear | Villager (Male) |
| 9:47 | Construir | House |
| 9:55 | Construir | Mill |
| 10:03 | Construir | House |
| 10:22 | Construir | Mining Camp |
| 10:23 | Crear | Villager (Male) |
| 10:43 | Crear | Villager (Male) |
| 11:13 | Investigar | Feudal Age |
| 11:29 | Construir | Mining Camp |
| 12:04 | Crear | Villager (Male) |
| 12:10 | Crear | Villager (Male) |
| 12:37 | Construir | House |
| 12:50 | Construir | House |
| 13:23 | Edad | Edad Feudal |
| 13:26 | Construir | Market |
| 13:28 | Construir | Blacksmith |
| 13:55 | Construir | Palisade Wall |
| 14:02 | Construir | Lumber Camp |
| 14:19 | Investigar | Castle Age |
| 14:27 | Investigar | Tech 906 |
| 14:32 | Construir | Palisade Wall |
| 14:34 | Construir | Palisade Wall |
| 14:36 | Construir | Palisade Wall |
| 14:52 | Investigar | Gold Mining |
| 14:58 | Investigar | Double-Bit Axe |
| 15:27 | Construir | Palisade Wall |
| 15:30 | Construir | Palisade Wall |
| 15:30 | Construir | Palisade Wall |
| 15:30 | Construir | Palisade Wall |
| 15:31 | Construir | Palisade Wall |
| 15:32 | Construir | Palisade Wall |
| 15:37 | Crear | Villager (Male) |
| 15:38 | Crear | Villager (Male) |
| 15:58 | Construir | House |
| 16:15 | Construir | Dock |
| 16:59 | Edad | Edad de los Castillos |
| 17:00 | Construir | Siege Workshop |
| 17:10 | Construir | Castle |
| 17:14 | Investigar | Bow Saw |
| 17:22 | Construir | Outpost |
| 17:38 | Crear | Villager (Male) |
| 17:46 | Crear | Battering Ram |
| 17:52 | Crear | Villager (Male) |
| 18:06 | Crear | Villager (Male) |
| 18:15 | Crear | Villager (Male) |
| 18:17 | Crear | Battering Ram |
| 18:27 | Crear | Rattan Archer |
| 18:27 | Crear | Rattan Archer |
| 18:30 | Investigar | Fletching |
| 18:43 | Crear | Villager (Male) |
| 19:00 | Investigar | Wheelbarrow |
| 19:01 | Crear | Rattan Archer |
| 19:02 | Crear | Rattan Archer |
| 19:10 | Investigar | Bodkin Arrow |
| 19:10 | Investigar | Bodkin Arrow |
| 19:13 | Crear | Villager (Male) |
| 19:13 | Crear | Villager (Male) |
| 19:33 | Crear | Rattan Archer |
| 19:46 | Crear | Rattan Archer |
| 19:54 | Construir | Town Center |
| 20:09 | Crear | Rattan Archer |
| 20:24 | Crear | Villager (Male) |
| 20:48 | Crear | Villager (Male) |
| 20:49 | Crear | Rattan Archer |
| 21:08 | Crear | Villager (Male) |
| 21:10 | Crear | Rattan Archer |
| 21:32 | Construir | Town Center |
| 21:36 | Crear | Villager (Male) |
| 21:47 | Crear | Villager (Male) |
| 21:53 | Crear | Villager (Male) |
| 22:01 | Crear | Villager (Male) |
| 22:02 | Crear | Villager (Male) |
| 22:06 | Construir | Farm |
| 22:11 | Crear | Villager (Male) |
| 22:12 | Crear | Villager (Male) |
| 22:13 | Crear | Rattan Archer |
| 22:18 | Crear | Rattan Archer |
| 22:19 | Crear | Rattan Archer |
| 22:19 | Crear | Rattan Archer |
| 22:30 | Crear | Villager (Male) |
| 22:45 | Investigar | Padded Archer Armor |
| 23:11 | Crear | Rattan Archer |
| 23:13 | Crear | Villager (Male) |
| 23:47 | Construir | Farm |
| 23:48 | Crear | Villager (Male) ×5 |
| 23:52 | Crear | Villager (Male) |
| 24:00 | Construir | Town Center |
| 24:06 | Crear | Battering Ram |
| 24:17 | Crear | Villager (Male) |
| 24:17 | Crear | Villager (Male) |
| 24:19 | Construir | Farm |
| 24:21 | Construir | Farm |
| 24:22 | Construir | Farm |
| 24:30 | Crear | Villager (Male) ×5 |
| 24:47 | Construir | House |
| 24:48 | Construir | House |
| 24:52 | Investigar | Hand Cart |
| 25:10 | Crear | Villager (Male) |
| 25:14 | Crear | Rattan Archer |
| 25:19 | Crear | Battering Ram |
| 25:31 | Crear | Villager (Male) |
| 25:32 | Crear | Villager (Male) |
| 25:33 | Crear | Battering Ram |
| 25:34 | Crear | Battering Ram |
| 25:36 | Crear | Villager (Male) |
| 25:36 | Crear | Villager (Male) |
| 25:57 | Construir | Farm |
| 25:59 | Crear | Villager (Male) |
| 26:00 | Crear | Villager (Male) |
| 26:06 | Crear | Rattan Archer |
| 26:07 | Crear | Villager (Male) |
| 26:07 | Crear | Villager (Male) |
| 26:08 | Crear | Battering Ram |
| 26:22 | Crear | Villager (Male) |
| 26:25 | Crear | Villager (Male) |
| 26:26 | Crear | Villager (Male) |
| 26:30 | Construir | Farm |
| 26:32 | Construir | House |
Build order — 蕾开丝滑
Primeras 150 de 304 acciones detectadas
| 0:29 | Construir | Town Center |
| 1:53 | Construir | House |
| 1:54 | Construir | House |
| 2:53 | Crear | Villager (Male) |
| 2:53 | Crear | Villager (Male) |
| 2:53 | Crear | Villager (Male) |
| 2:54 | Crear | Villager (Male) |
| 3:01 | Investigar | Loom |
| 3:34 | Crear | Villager (Male) |
| 3:36 | Investigar | Loom |
| 3:37 | Crear | Villager (Male) |
| 4:21 | Crear | Villager (Male) |
| 5:25 | Crear | Villager (Male) |
| 5:26 | Crear | Villager (Male) |
| 5:44 | Crear | Villager (Male) |
| 6:31 | Crear | Villager (Male) |
| 6:34 | Crear | Villager (Male) |
| 6:53 | Construir | Dock |
| 7:20 | Crear | Villager (Male) |
| 7:21 | Crear | Villager (Male) |
| 7:34 | Crear | Fishing Ship |
| 8:09 | Construir | House |
| 8:11 | Construir | House |
| 8:54 | Construir | House |
| 8:56 | Crear | Villager (Male) |
| 9:03 | Crear | Fishing Ship |
| 9:15 | Construir | Palisade Wall |
| 9:17 | Construir | Palisade Wall |
| 9:27 | Crear | Villager (Male) |
| 9:28 | Crear | Villager (Male) |
| 9:44 | Crear | Villager (Male) |
| 9:51 | Crear | Villager (Male) |
| 10:14 | Crear | Fishing Ship |
| 10:15 | Crear | Fishing Ship |
| 10:58 | Construir | Mill |
| 11:03 | Crear | Villager (Male) |
| 11:17 | Crear | Villager (Male) |
| 11:31 | Crear | Fishing Ship |
| 11:38 | Construir | Mining Camp |
| 11:59 | Investigar | Feudal Age |
| 12:21 | Crear | Fishing Ship |
| 12:35 | Construir | House |
| 12:37 | Construir | House |
| 13:09 | Construir | Barracks |
| 13:13 | Crear | Villager (Male) |
| 13:13 | Crear | Villager (Male) |
| 13:37 | Construir | House |
| 13:42 | Construir | House |
| 14:08 | Edad | Edad Feudal |
| 14:16 | Construir | Stone Wall |
| 14:26 | Construir | Building 490 |
| 14:50 | Investigar | Horse Collar |
| 15:05 | Crear | Villager (Male) |
| 15:07 | Crear | Villager (Male) |
| 15:18 | Construir | Market |
| 15:39 | Crear | Villager (Male) |
| 15:56 | Construir | Lumber Camp |
| 16:28 | Crear | Villager (Male) |
| 16:29 | Crear | Villager (Male) |
| 16:36 | Construir | House |
| 16:55 | Crear | Villager (Male) |
| 16:59 | Construir | Blacksmith |
| 17:20 | Investigar | Double-Bit Axe |
| 17:45 | Crear | Villager (Male) |
| 18:07 | Construir | Stone Wall |
| 18:13 | Investigar | Castle Age |
| 20:30 | Crear | Villager (Male) |
| 20:31 | Crear | Villager (Male) |
| 20:53 | Edad | Edad de los Castillos |
| 20:58 | Construir | Town Center |
| 21:07 | Construir | Town Center |
| 21:12 | Investigar | Bow Saw |
| 21:15 | Investigar | Heavy Plow |
| 21:16 | Crear | Villager (Male) |
| 21:16 | Crear | Villager (Male) |
| 21:30 | Construir | Stone Wall |
| 21:33 | Construir | Building 490 |
| 21:54 | Crear | Villager (Male) |
| 21:54 | Crear | Villager (Male) |
| 22:03 | Construir | Monastery |
| 22:17 | Construir | Town Center |
| 22:22 | Crear | Villager (Male) |
| 22:22 | Crear | Villager (Male) |
| 22:23 | Crear | Villager (Male) |
| 22:23 | Crear | Villager (Male) |
| 22:26 | Crear | Villager (Male) |
| 22:30 | Crear | Villager (Male) |
| 22:31 | Crear | Villager (Male) |
| 22:31 | Crear | Villager (Male) |
| 22:35 | Crear | Villager (Male) |
| 22:42 | Construir | House |
| 22:55 | Construir | House |
| 22:57 | Construir | House |
| 22:59 | Construir | House |
| 23:07 | Crear | Villager (Male) |
| 23:07 | Crear | Villager (Male) |
| 23:13 | Investigar | Wheelbarrow |
| 23:13 | Crear | Villager (Male) |
| 23:23 | Construir | Farm |
| 23:25 | Construir | Farm |
| 23:26 | Construir | Farm |
| 23:27 | Construir | Farm |
| 23:29 | Construir | Farm |
| 23:30 | Construir | Farm |
| 23:31 | Construir | Farm |
| 23:33 | Construir | Farm |
| 23:35 | Construir | Farm |
| 23:37 | Crear | Villager (Male) |
| 23:38 | Crear | Villager (Male) |
| 23:38 | Crear | Villager (Male) |
| 23:43 | Construir | House |
| 23:45 | Construir | House |
| 23:47 | Construir | House |
| 24:02 | Crear | Villager (Male) |
| 24:12 | Construir | Farm |
| 24:13 | Construir | Farm |
| 24:14 | Construir | Farm |
| 24:16 | Construir | Farm |
| 24:18 | Construir | Farm |
| 24:21 | Construir | Farm |
| 24:23 | Construir | Farm |
| 24:27 | Crear | Villager (Male) |
| 24:41 | Crear | Villager (Male) |
| 24:42 | Crear | Villager (Male) |
| 24:44 | Crear | Villager (Male) |
| 24:48 | Construir | Farm |
| 24:50 | Construir | Farm |
| 24:51 | Construir | Farm |
| 24:53 | Crear | Monk |
| 24:59 | Construir | Farm |
| 25:04 | Construir | Farm |
| 25:05 | Construir | Farm |
| 25:10 | Construir | Farm |
| 25:12 | Crear | Villager (Male) |
| 25:14 | Crear | Villager (Male) |
| 25:14 | Crear | Villager (Male) |
| 25:16 | Crear | Villager (Male) |
| 25:19 | Construir | House |
| 25:22 | Construir | House |
| 25:24 | Construir | House |
| 25:26 | Construir | House |
| 25:29 | Crear | Villager (Male) |
| 25:30 | Crear | Villager (Male) |
| 25:35 | Construir | Farm |
| 25:36 | Construir | Farm |
| 25:37 | Construir | Farm |
| 25:38 | Construir | Farm |
| 25:41 | Construir | Farm |
| 25:43 | Construir | Farm |
| 25:46 | Construir | Farm |
Build order — 名奈奈奈
Primeras 150 de 292 acciones detectadas
| 0:10 | Construir | Town Center |
| 1:10 | Construir | Dock |
| 1:24 | Construir | House |
| 2:41 | Crear | Villager (Male) |
| 2:41 | Crear | Villager (Male) |
| 2:41 | Crear | Villager (Male) |
| 3:27 | Crear | Villager (Male) |
| 3:42 | Crear | Fishing Ship |
| 4:19 | Investigar | Loom |
| 4:36 | Crear | Villager (Male) |
| 4:39 | Construir | House |
| 4:52 | Crear | Fishing Ship |
| 5:34 | Crear | Villager (Male) |
| 5:52 | Crear | Villager (Male) |
| 6:27 | Crear | Villager (Male) |
| 6:35 | Construir | House |
| 6:56 | Crear | Villager (Male) |
| 7:03 | Crear | Fishing Ship |
| 7:18 | Crear | Villager (Male) |
| 7:28 | Crear | Villager (Male) |
| 7:47 | Crear | Villager (Male) |
| 8:00 | Construir | House |
| 8:03 | Crear | Fishing Ship |
| 8:16 | Construir | House |
| 8:42 | Crear | Villager (Male) |
| 8:54 | Crear | Fishing Ship |
| 9:15 | Crear | Villager (Male) |
| 9:27 | Construir | Mill |
| 9:35 | Crear | Villager (Male) |
| 9:53 | Crear | Fishing Ship |
| 10:07 | Crear | Villager (Male) |
| 10:13 | Construir | House |
| 10:32 | Crear | Villager (Male) |
| 10:33 | Crear | Fishing Ship |
| 10:53 | Construir | House |
| 10:59 | Crear | Villager (Male) |
| 11:01 | Crear | Fishing Ship |
| 11:24 | Crear | Villager (Male) |
| 11:49 | Crear | Villager (Male) |
| 11:53 | Crear | Fishing Ship |
| 12:02 | Construir | Mining Camp |
| 12:15 | Crear | Villager (Male) |
| 12:40 | Crear | Villager (Male) |
| 12:49 | Construir | House |
| 12:49 | Construir | House |
| 12:55 | Crear | Fishing Ship |
| 13:07 | Crear | Villager (Male) |
| 13:10 | Crear | Villager (Male) |
| 13:11 | Investigar | Feudal Age |
| 13:31 | Construir | Barracks |
| 13:46 | Construir | Lumber Camp |
| 13:59 | Crear | Fishing Ship |
| 14:08 | Construir | Palisade Wall |
| 14:21 | Crear | Villager (Male) |
| 14:39 | Crear | Fishing Ship |
| 14:49 | Construir | House |
| 15:13 | Crear | Villager (Male) |
| 15:30 | Construir | House |
| 15:56 | Crear | Fishing Ship |
| 16:07 | Edad | Edad Feudal |
| 16:10 | Crear | Villager (Male) |
| 16:18 | Construir | Archery Range |
| 16:24 | Construir | Blacksmith |
| 16:35 | Crear | Villager (Male) |
| 16:40 | Investigar | Double-Bit Axe |
| 16:54 | Investigar | Gold Mining |
| 17:06 | Construir | House |
| 17:20 | Investigar | Castle Age |
| 17:36 | Construir | Barracks |
| 17:46 | Construir | Building 487 |
| 18:13 | Construir | House |
| 18:15 | Construir | House |
| 18:32 | Investigar | Scale Mail Armor |
| 18:33 | Investigar | Forging |
| 19:02 | Crear | Villager (Male) |
| 19:12 | Construir | House |
| 19:28 | Construir | Barracks |
| 19:37 | Crear | Fishing Ship |
| 19:55 | Crear | Villager (Male) |
| 20:02 | Edad | Edad de los Castillos |
| 20:04 | Crear | Villager (Male) |
| 20:14 | Construir | Siege Workshop |
| 20:17 | Crear | Fire Lancer |
| 20:18 | Crear | Fire Lancer |
| 20:18 | Crear | Fire Lancer |
| 20:23 | Investigar | Gambesons |
| 20:24 | Investigar | Squires |
| 20:24 | Investigar | Arson |
| 20:27 | Crear | Villager (Male) |
| 20:39 | Construir | House |
| 21:03 | Crear | Battering Ram |
| 21:21 | Crear | Fire Lancer |
| 21:22 | Crear | Fire Lancer |
| 21:22 | Crear | Fire Lancer |
| 21:24 | Crear | Villager (Male) |
| 21:38 | Construir | House |
| 21:46 | Crear | Battering Ram |
| 21:51 | Crear | Fire Lancer |
| 21:51 | Crear | Fire Lancer |
| 21:55 | Crear | Villager (Male) |
| 22:20 | Crear | Battering Ram |
| 22:31 | Crear | Fire Lancer |
| 22:31 | Crear | Fire Lancer |
| 22:36 | Investigar | Chain Mail Armor |
| 22:38 | Crear | Villager (Male) |
| 22:42 | Construir | House |
| 22:47 | Construir | Palisade Wall |
| 23:00 | Crear | Villager (Male) |
| 23:02 | Crear | Battering Ram |
| 23:04 | Crear | Fire Lancer |
| 23:04 | Crear | Fire Lancer |
| 23:20 | Investigar | Iron Casting |
| 23:56 | Crear | Fire Lancer |
| 23:56 | Crear | Fire Lancer |
| 23:56 | Crear | Fire Lancer |
| 23:59 | Crear | Villager (Male) |
| 23:59 | Crear | Villager (Male) |
| 24:15 | Crear | Fire Lancer |
| 24:15 | Crear | Fire Lancer |
| 24:16 | Crear | Fire Lancer |
| 24:16 | Crear | Fire Lancer |
| 24:32 | Crear | Villager (Male) |
| 24:42 | Construir | Town Center |
| 24:50 | Crear | Fire Lancer |
| 24:50 | Crear | Fire Lancer |
| 24:50 | Crear | Fire Lancer |
| 25:24 | Crear | Fire Lancer |
| 25:24 | Crear | Fire Lancer |
| 25:24 | Crear | Fire Lancer |
| 25:26 | Crear | Villager (Male) |
| 25:26 | Crear | Villager (Male) |
| 25:26 | Crear | Villager (Male) |
| 26:00 | Construir | Town Center |
| 26:22 | Crear | Battering Ram |
| 26:59 | Crear | Villager (Male) |
| 27:00 | Crear | Villager (Male) |
| 27:00 | Crear | Villager (Male) |
| 27:00 | Crear | Villager (Male) |
| 27:27 | Construir | Siege Workshop |
| 27:28 | Crear | Villager (Male) |
| 27:29 | Crear | Villager (Male) |
| 27:29 | Crear | Villager (Male) |
| 27:29 | Crear | Villager (Male) |
| 28:03 | Crear | Fire Lancer |
| 28:03 | Crear | Fire Lancer |
| 28:04 | Crear | Fire Lancer |
| 28:04 | Crear | Fire Lancer |
| 28:04 | Crear | Villager (Male) |
| 28:04 | Crear | Villager (Male) |
| 28:05 | Crear | Villager (Male) |
Build order — 1352078704
119 acciones detectadas en el replay
| 0:26 | Construir | Town Center |
| 1:29 | Construir | Dock |
| 1:31 | Construir | House |
| 2:47 | Crear | Villager (Male) |
| 2:47 | Crear | Villager (Male) |
| 2:47 | Crear | Villager (Male) |
| 2:47 | Crear | Villager (Male) |
| 4:11 | Crear | Fishing Ship |
| 4:24 | Crear | Villager (Male) |
| 4:46 | Construir | House |
| 4:55 | Crear | Villager (Male) |
| 5:15 | Crear | Villager (Male) |
| 5:41 | Crear | Villager (Male) |
| 5:43 | Crear | Fishing Ship |
| 6:00 | Crear | Villager (Male) |
| 6:09 | Construir | House |
| 6:19 | Construir | Outpost |
| 6:24 | Crear | Villager (Male) |
| 6:25 | Crear | Villager (Male) |
| 7:06 | Crear | Villager (Male) |
| 7:06 | Crear | Villager (Male) |
| 7:07 | Crear | Fishing Ship |
| 7:51 | Crear | Villager (Male) |
| 8:01 | Construir | House |
| 8:05 | Crear | Villager (Male) |
| 8:10 | Crear | Fishing Ship |
| 8:21 | Investigar | Loom |
| 8:22 | Crear | Villager (Male) |
| 8:37 | Crear | Fishing Ship |
| 8:47 | Crear | Villager (Male) |
| 9:19 | Crear | Villager (Male) |
| 9:22 | Crear | Fishing Ship |
| 9:26 | Construir | House |
| 9:56 | Crear | Villager (Male) |
| 10:03 | Construir | Mill |
| 10:19 | Crear | Villager (Male) |
| 10:48 | Investigar | Feudal Age |
| 10:49 | Investigar | Feudal Age |
| 11:38 | Construir | Mining Camp |
| 12:03 | Construir | House |
| 12:22 | Construir | Farm |
| 12:43 | Crear | Villager (Male) |
| 12:44 | Crear | Villager (Male) |
| 13:01 | Edad | Edad Feudal |
| 13:05 | Construir | Market |
| 13:07 | Construir | Blacksmith |
| 13:24 | Crear | Villager (Male) |
| 13:51 | Crear | Fishing Ship |
| 14:12 | Crear | Villager (Male) |
| 14:22 | Investigar | Castle Age |
| 14:46 | Construir | Outpost |
| 14:57 | Construir | House |
| 15:13 | Construir | House |
| 15:54 | Crear | Villager (Male) |
| 16:45 | Construir | House |
| 16:51 | Construir | Lumber Camp |
| 17:17 | Edad | Edad de los Castillos |
| 17:23 | Construir | Castle |
| 17:51 | Construir | Castle |
| 18:19 | Crear | Villager (Male) |
| 18:20 | Crear | Villager (Male) |
| 18:38 | Construir | Town Center |
| 19:05 | Crear | Villager (Male) |
| 19:06 | Crear | Villager (Male) |
| 19:06 | Crear | Villager (Male) |
| 19:52 | Crear | Villager (Male) |
| 19:53 | Crear | Villager (Male) |
| 19:53 | Crear | Villager (Male) |
| 20:08 | Crear | Villager (Male) |
| 20:24 | Crear | Mangudai |
| 21:06 | Construir | Siege Workshop |
| 21:46 | Construir | Lumber Camp |
| 21:52 | Crear | Battering Ram |
| 21:57 | Crear | Mangudai |
| 22:26 | Construir | Farm |
| 22:41 | Crear | Battering Ram |
| 22:45 | Investigar | Double-Bit Axe |
| 22:56 | Crear | Mangudai |
| 23:14 | Investigar | Fletching |
| 24:10 | Crear | Battering Ram |
| 24:15 | Investigar | Bodkin Arrow |
| 24:27 | Crear | Villager (Male) |
| 24:28 | Crear | Villager (Male) |
| 24:29 | Crear | Villager (Male) |
| 24:29 | Crear | Villager (Male) |
| 24:30 | Crear | Villager (Male) |
| 24:50 | Crear | Mangonel |
| 24:55 | Crear | Mangudai |
| 25:05 | Crear | Villager (Male) |
| 25:19 | Crear | Villager (Male) |
| 25:19 | Crear | Villager (Male) |
| 25:34 | Construir | Farm |
| 25:35 | Crear | Villager (Male) |
| 25:35 | Crear | Villager (Male) |
| 26:52 | Crear | Villager (Male) |
| 26:52 | Crear | Villager (Male) |
| 26:59 | Construir | Farm |
| 26:59 | Construir | Farm |
| 27:00 | Construir | Farm |
| 27:35 | Crear | Villager (Male) |
| 27:35 | Crear | Villager (Male) |
| 28:04 | Crear | Villager (Male) |
| 28:05 | Crear | Villager (Male) |
| 28:10 | Construir | Farm |
| 28:10 | Construir | Farm |
| 28:10 | Construir | Farm |
| 28:17 | Crear | Villager (Male) |
| 28:18 | Crear | Villager (Male) |
| 28:36 | Crear | Villager (Male) |
| 28:48 | Construir | Town Center |
| 29:55 | Crear | Mangonel |
| 29:57 | Crear | Scorpion |
| 29:57 | Crear | Scorpion |
| 29:59 | Crear | Villager (Male) |
| 30:00 | Crear | Villager (Male) |
| 30:13 | Crear | Villager (Male) |
| 30:13 | Crear | Villager (Male) |
| 30:35 | Construir | Castle |
| 30:36 | Crear | Villager (Male) |
Build order — 崽仔
Primeras 150 de 246 acciones detectadas
| 0:18 | Construir | Town Center |
| 0:33 | Construir | Town Center |
| 1:49 | Construir | Dock |
| 2:55 | Construir | House |
| 2:58 | Crear | Villager (Male) |
| 2:58 | Crear | Villager (Male) |
| 2:59 | Crear | Villager (Male) |
| 2:59 | Crear | Villager (Male) |
| 2:59 | Crear | Villager (Male) |
| 3:57 | Construir | House |
| 4:31 | Investigar | Loom |
| 4:45 | Crear | Villager (Male) |
| 4:46 | Crear | Villager (Male) |
| 4:52 | Crear | Fishing Ship |
| 5:42 | Crear | Villager (Male) |
| 6:16 | Construir | House |
| 6:22 | Crear | Villager (Male) |
| 6:23 | Crear | Villager (Male) |
| 6:31 | Crear | Fishing Ship |
| 6:38 | Construir | House |
| 6:58 | Crear | Villager (Male) |
| 6:58 | Crear | Villager (Male) |
| 6:59 | Crear | Villager (Male) |
| 6:59 | Crear | Villager (Male) |
| 7:05 | Crear | Fishing Ship |
| 7:05 | Crear | Fishing Ship |
| 7:21 | Construir | House |
| 7:34 | Crear | Villager (Male) |
| 7:34 | Crear | Villager (Male) |
| 7:44 | Crear | Fishing Ship |
| 7:55 | Construir | House |
| 8:09 | Crear | Villager (Male) |
| 8:39 | Construir | House |
| 8:51 | Crear | Fishing Ship |
| 8:56 | Construir | House |
| 9:12 | Crear | Villager (Male) |
| 9:12 | Crear | Villager (Male) |
| 9:12 | Crear | Villager (Male) |
| 9:15 | Construir | House |
| 9:29 | Construir | House |
| 9:31 | Construir | House |
| 9:42 | Crear | Villager (Male) |
| 9:47 | Construir | House |
| 10:10 | Crear | Fishing Ship |
| 10:14 | Crear | Villager (Male) |
| 10:55 | Crear | Fishing Ship |
| 10:59 | Construir | House |
| 11:02 | Crear | Villager (Male) |
| 11:03 | Crear | Villager (Male) |
| 11:17 | Crear | Villager (Male) |
| 11:34 | Crear | Fishing Ship |
| 12:02 | Crear | Villager (Male) |
| 12:13 | Construir | Lumber Camp |
| 12:18 | Crear | Villager (Male) |
| 12:39 | Construir | House |
| 12:47 | Investigar | Feudal Age |
| 12:58 | Construir | Mining Camp |
| 14:13 | Construir | Mill |
| 14:22 | Crear | Villager (Male) |
| 14:34 | Construir | Outpost |
| 14:43 | Construir | Outpost |
| 14:48 | Crear | Fishing Ship |
| 14:57 | Edad | Edad Feudal |
| 15:01 | Crear | Villager (Male) |
| 15:13 | Construir | Market |
| 15:20 | Crear | Unit 2626 |
| 15:20 | Crear | Unit 2626 |
| 15:33 | Construir | House |
| 15:56 | Crear | Villager (Male) |
| 16:08 | Construir | Blacksmith |
| 16:19 | Crear | Unit 2626 |
| 16:43 | Crear | Villager (Male) |
| 17:20 | Construir | Dock |
| 17:46 | Investigar | Castle Age |
| 17:58 | Construir | Mining Camp |
| 18:19 | Construir | House |
| 18:37 | Investigar | Double-Bit Axe |
| 20:15 | Construir | Outpost |
| 20:22 | Crear | Villager (Male) |
| 20:24 | Investigar | Stone Mining |
| 20:26 | Edad | Edad de los Castillos |
| 20:33 | Crear | Villager (Male) |
| 20:39 | Investigar | Horse Collar |
| 21:02 | Construir | Outpost |
| 21:36 | Crear | Villager (Male) |
| 21:39 | Construir | Farm |
| 21:50 | Construir | Castle |
| 21:57 | Investigar | Fletching |
| 22:05 | Crear | Villager (Male) |
| 22:06 | Crear | Villager (Male) |
| 22:08 | Construir | Farm |
| 22:39 | Crear | Villager (Male) |
| 22:39 | Crear | Villager (Male) |
| 22:53 | Crear | War Wagon |
| 23:15 | Crear | Villager (Male) |
| 23:16 | Crear | Villager (Male) |
| 23:22 | Crear | War Wagon |
| 23:43 | Crear | War Wagon |
| 23:50 | Crear | Villager (Male) |
| 23:50 | Crear | Villager (Male) |
| 23:55 | Construir | House |
| 23:56 | Construir | House |
| 24:56 | Construir | Siege Workshop |
| 25:05 | Crear | Villager (Male) |
| 25:05 | Crear | Villager (Male) |
| 25:05 | Crear | Villager (Male) |
| 25:05 | Crear | Villager (Male) |
| 25:06 | Crear | Villager (Male) |
| 25:06 | Crear | Villager (Male) |
| 25:06 | Crear | Villager (Male) |
| 25:37 | Construir | House |
| 25:59 | Construir | Farm |
| 26:08 | Crear | Iron Pagoda |
| 26:31 | Crear | Villager (Male) |
| 26:36 | Crear | War Wagon |
| 26:36 | Crear | War Wagon |
| 27:06 | Crear | Villager (Male) |
| 27:06 | Crear | Villager (Male) |
| 27:13 | Construir | Town Center |
| 27:18 | Crear | Villager (Male) |
| 27:36 | Crear | War Wagon |
| 27:48 | Crear | Villager (Male) |
| 27:53 | Construir | Farm |
| 28:08 | Construir | Farm |
| 28:09 | Construir | Farm |
| 28:12 | Crear | War Wagon |
| 28:12 | Crear | War Wagon |
| 28:48 | Crear | War Wagon |
| 28:48 | Crear | War Wagon |
| 28:52 | Crear | Villager (Male) |
| 28:53 | Crear | Villager (Male) |
| 29:06 | Construir | Farm |
| 29:11 | Crear | Villager (Male) |
| 29:47 | Crear | War Wagon |
| 30:14 | Crear | Villager (Male) |
| 30:14 | Crear | Villager (Male) |
| 30:14 | Crear | Villager (Male) |
| 30:17 | Construir | House |
| 30:19 | Construir | House |
| 30:19 | Construir | House |
| 30:24 | Construir | Farm |
| 30:25 | Construir | Farm |
| 30:26 | Construir | Farm |
| 30:27 | Construir | Farm |
| 31:01 | Crear | Villager (Male) |
| 31:02 | Crear | Villager (Male) |
| 31:09 | Construir | Town Center |
| 31:16 | Construir | Dock |
| 31:21 | Construir | Dock |
| 31:30 | Crear | Villager (Male) |
Build order — BsqfslY
Primeras 150 de 160 acciones detectadas
| 0:05 | Construir | Town Center |
| 0:35 | Construir | Dock |
| 0:38 | Construir | House |
| 2:37 | Crear | Villager (Male) |
| 2:37 | Crear | Villager (Male) |
| 2:38 | Crear | Villager (Male) |
| 2:38 | Crear | Villager (Male) |
| 2:38 | Crear | Villager (Male) |
| 2:38 | Crear | Villager (Male) |
| 2:41 | Crear | Fishing Ship |
| 3:40 | Construir | House |
| 3:56 | Crear | Villager (Male) |
| 4:22 | Crear | Fishing Ship |
| 4:22 | Crear | Fishing Ship |
| 4:55 | Crear | Fishing Ship |
| 4:55 | Crear | Fishing Ship |
| 5:12 | Crear | Villager (Male) |
| 5:20 | Construir | House |
| 5:26 | Construir | House |
| 5:39 | Construir | House |
| 6:22 | Construir | House |
| 6:26 | Construir | Palisade Wall |
| 6:35 | Crear | Villager (Male) |
| 7:00 | Crear | Fishing Ship |
| 7:01 | Crear | Fishing Ship |
| 7:18 | Crear | Villager (Male) |
| 7:19 | Crear | Villager (Male) |
| 7:23 | Crear | Villager (Male) |
| 7:41 | Construir | Outpost |
| 7:55 | Crear | Villager (Male) |
| 7:59 | Crear | Fishing Ship |
| 8:19 | Crear | Villager (Male) |
| 8:30 | Crear | Villager (Male) |
| 8:48 | Crear | Villager (Male) |
| 8:49 | Crear | Villager (Male) |
| 9:15 | Crear | Villager (Male) |
| 9:22 | Construir | House |
| 9:23 | Construir | House |
| 9:36 | Crear | Villager (Male) |
| 9:42 | Construir | House |
| 9:56 | Crear | Villager (Male) |
| 9:57 | Construir | House |
| 10:18 | Crear | Villager (Male) |
| 10:28 | Crear | Villager (Male) |
| 10:33 | Construir | House |
| 10:35 | Construir | House |
| 10:38 | Crear | Fishing Ship |
| 10:40 | Crear | Fishing Ship |
| 11:05 | Construir | Mining Camp |
| 11:36 | Construir | Mining Camp |
| 11:58 | Construir | House |
| 12:03 | Investigar | Feudal Age |
| 12:57 | Construir | House |
| 13:02 | Construir | Lumber Camp |
| 13:19 | Construir | House |
| 13:22 | Construir | House |
| 13:44 | Crear | Villager (Male) |
| 13:54 | Construir | House |
| 14:05 | Construir | House |
| 14:19 | Construir | Barracks |
| 14:22 | Construir | House |
| 14:31 | Edad | Edad Feudal |
| 14:47 | Crear | Villager (Male) |
| 15:05 | Investigar | Loom |
| 15:20 | Construir | Watch Tower |
| 15:23 | Crear | Villager (Male) |
| 15:30 | Construir | House |
| 15:35 | Crear | Unit 2626 |
| 15:37 | Crear | Unit 2626 |
| 15:41 | Crear | Villager (Male) |
| 15:42 | Investigar | Double-Bit Axe |
| 15:42 | Investigar | Double-Bit Axe |
| 15:48 | Construir | Archery Range |
| 15:50 | Crear | Villager (Male) |
| 16:10 | Construir | Archery Range |
| 16:13 | Crear | Villager (Male) |
| 16:17 | Crear | Archer |
| 16:18 | Crear | Archer |
| 16:31 | Construir | Blacksmith |
| 16:45 | Construir | Watch Tower |
| 16:59 | Construir | Palisade Wall |
| 17:01 | Construir | Palisade Wall |
| 17:02 | Construir | Palisade Wall |
| 17:03 | Construir | Palisade Wall |
| 17:04 | Construir | Palisade Wall |
| 17:04 | Construir | Palisade Wall |
| 17:05 | Construir | Palisade Wall |
| 17:11 | Construir | House |
| 17:16 | Crear | Archer |
| 17:16 | Crear | Archer |
| 17:19 | Crear | Villager (Male) |
| 17:55 | Construir | Outpost |
| 18:45 | Construir | Outpost |
| 18:51 | Construir | Mill |
| 18:54 | Crear | Villager (Male) |
| 18:55 | Crear | Villager (Male) |
| 19:27 | Construir | Palisade Wall |
| 19:30 | Construir | House |
| 19:36 | Crear | Villager (Male) |
| 19:49 | Crear | Archer |
| 19:49 | Crear | Archer |
| 19:50 | Crear | Archer |
| 19:50 | Crear | Archer |
| 20:08 | Construir | Farm |
| 20:09 | Construir | Farm |
| 20:09 | Construir | Farm |
| 20:12 | Construir | Farm |
| 20:12 | Construir | Farm |
| 20:13 | Construir | Farm |
| 20:24 | Construir | Palisade Wall |
| 20:25 | Construir | Palisade Wall |
| 20:32 | Construir | Farm |
| 20:36 | Construir | House |
| 20:39 | Construir | Farm |
| 20:43 | Investigar | Horse Collar |
| 20:43 | Investigar | Horse Collar |
| 20:52 | Crear | Villager (Male) |
| 20:54 | Crear | Villager (Male) |
| 20:59 | Construir | Farm |
| 21:11 | Construir | House |
| 21:18 | Construir | Farm |
| 21:31 | Construir | Farm |
| 21:45 | Construir | Farm |
| 21:46 | Construir | Farm |
| 21:47 | Construir | Farm |
| 21:51 | Construir | Farm |
| 22:07 | Construir | Farm |
| 22:10 | Crear | Villager (Male) |
| 22:12 | Construir | House |
| 22:13 | Construir | House |
| 22:39 | Construir | Farm |
| 23:10 | Construir | Market |
| 23:17 | Crear | Villager (Male) |
| 23:51 | Crear | Villager (Male) |
| 24:06 | Investigar | Castle Age |
| 24:39 | Investigar | Fletching |
| 26:33 | Edad | Edad de los Castillos |
| 27:46 | Construir | Town Center |
| 29:20 | Construir | Outpost |
| 29:47 | Construir | Castle |
| 30:06 | Crear | Villager (Male) |
| 30:07 | Crear | Villager (Male) |
| 30:52 | Construir | Town Center |
| 32:02 | Crear | Villager (Male) |
| 32:03 | Crear | Villager (Male) |
| 32:03 | Crear | Villager (Male) |
| 32:06 | Construir | Farm |
| 32:08 | Crear | Villager (Male) |
| 32:08 | Crear | Villager (Male) |
| 32:08 | Crear | Villager (Male) |
Cronología de la partida
| 0:12 | 姜小鱼 · first_building Dock |
| 0:35 | BsqfslY · first_building Dock |
| 0:49 | NEWGUY · first_building Dock |
| 1:10 | 名奈奈奈 · first_building Dock |
| 1:29 | 1352078704 · first_building Dock |
| 1:49 | 崽仔 · first_building Dock |
| 2:16 | 锦水有鸳 · first_building Dock |
| 6:26 | BsqfslY · wall_segment Palisade Wall x1 |
| 6:32 | 锦水有鸳 · wall_segment Palisade Wall x1 |
| 6:53 | 蕾开丝滑 · first_building Dock |
| 7:41 | NEWGUY · wall_segment Palisade Wall x1 |
| 9:15 | 蕾开丝滑 · wall_segment Palisade Wall x1 |
| 9:17 | 蕾开丝滑 · wall_segment Palisade Wall x1 |
| 12:35 | 锦水有鸳 · wall_segment Palisade Wall x1 |
| 13:01 | 1352078704 · age_up feudal |
| 13:09 | 蕾开丝滑 · first_building Barracks |
| 13:23 | 姜小鱼 · age_up feudal |
| 13:28 | NEWGUY · age_up feudal |
| 13:31 | 名奈奈奈 · first_building Barracks |
| 13:55 | 姜小鱼 · wall_segment Palisade Wall x1 |
| 14:08 | 名奈奈奈 · wall_segment Palisade Wall x3 |
| 14:08 | 蕾开丝滑 · age_up feudal |
| 14:16 | 蕾开丝滑 · wall_segment Stone Wall x8 |
| 14:17 | NEWGUY · wall_segment Palisade Wall x8 |
| 14:19 | BsqfslY · first_building Barracks |
| 14:31 | BsqfslY · age_up feudal |
| 14:32 | 姜小鱼 · wall_segment Palisade Wall x1 |
| 14:34 | 姜小鱼 · wall_segment Palisade Wall x1 |
| 14:36 | 姜小鱼 · wall_segment Palisade Wall x1 |
| 14:57 | 崽仔 · age_up feudal |
| 14:59 | 锦水有鸳 · wall_segment Palisade Wall x1 |
| 15:14 | 锦水有鸳 · first_building Barracks |
| 15:17 | 锦水有鸳 · age_up feudal |
| 15:27 | 姜小鱼 · wall_segment Palisade Wall x1 |
| 15:30 | 姜小鱼 · wall_segment Palisade Wall x1 |
| 15:30 | 姜小鱼 · wall_segment Palisade Wall x1 |
| 15:30 | 姜小鱼 · wall_segment Palisade Wall x1 |
| 15:31 | 姜小鱼 · wall_segment Palisade Wall x1 |
| 15:32 | 姜小鱼 · wall_segment Palisade Wall x1 |
| 15:36 | 锦水有鸳 · wall_segment Palisade Wall x1 |
| 15:48 | BsqfslY · first_building Archery Range |
| 15:52 | 锦水有鸳 · wall_segment Palisade Wall x1 |
| 16:07 | 名奈奈奈 · age_up feudal |
| 16:18 | 名奈奈奈 · first_building Archery Range |
| 16:59 | BsqfslY · wall_segment Palisade Wall x2 |
| 16:59 | 姜小鱼 · age_up castle |
| 17:00 | 姜小鱼 · first_building Siege Workshop |
| 17:01 | BsqfslY · wall_segment Palisade Wall x1 |
| 17:02 | BsqfslY · wall_segment Palisade Wall x1 |
| 17:02 | 1352078704 · first_market_sell 100 food |
| 17:03 | BsqfslY · wall_segment Palisade Wall x1 |
| 17:03 | 1352078704 · first_market_buy 100 stone |
| 17:04 | BsqfslY · wall_segment Palisade Wall x1 |
| 17:04 | BsqfslY · wall_segment Palisade Wall x1 |
| 17:05 | BsqfslY · wall_segment Palisade Wall x1 |
| 17:10 | 姜小鱼 · first_building Castle |
| 17:17 | 1352078704 · age_up castle |
| 17:23 | 1352078704 · first_building Castle |
| 17:31 | NEWGUY · wall_segment Palisade Wall x5 |
| 17:44 | 崽仔 · first_market_sell 100 wood |
| 18:07 | 蕾开丝滑 · wall_segment Stone Wall x8 |
| 18:55 | NEWGUY · wall_segment Palisade Wall x1 |
| 18:56 | NEWGUY · wall_segment Palisade Wall x1 |
| 19:25 | 锦水有鸳 · first_market_sell 100 food |
| 19:27 | BsqfslY · wall_segment Palisade Wall x1 |
| 19:37 | 锦水有鸳 · age_up castle |
| 20:00 | 锦水有鸳 · first_market_buy 100 stone |
| 20:02 | 名奈奈奈 · age_up castle |
| 20:14 | 名奈奈奈 · first_building Siege Workshop |
| 20:16 | 锦水有鸳 · first_building Castle |
| 20:24 | BsqfslY · wall_segment Palisade Wall x1 |
| 20:25 | BsqfslY · wall_segment Palisade Wall x1 |
| 20:26 | 崽仔 · age_up castle |
| 20:26 | 锦水有鸳 · wall_segment Palisade Wall x4 |
| 20:30 | 锦水有鸳 · wall_segment Palisade Wall x1 |
| 20:31 | 锦水有鸳 · wall_segment Palisade Wall x1 |
| 20:53 | 蕾开丝滑 · age_up castle |
| 21:06 | 1352078704 · first_building Siege Workshop |
| 21:06 | 锦水有鸳 · first_building Siege Workshop |
| 21:11 | NEWGUY · age_up castle |
| 21:30 | 蕾开丝滑 · wall_segment Stone Wall x11 |
| 21:50 | 崽仔 · first_building Castle |
| 22:03 | 蕾开丝滑 · first_building Monastery |
| 22:34 | NEWGUY · first_market_sell 100 food |
| 22:35 | NEWGUY · first_market_buy 100 wood |
| 22:47 | 名奈奈奈 · wall_segment Palisade Wall x3 |
| 23:28 | NEWGUY · first_building Monastery |
| 23:55 | BsqfslY · first_market_buy 100 food |
| 24:39 | 蕾开丝滑 · first_market_buy 100 food |
| 24:56 | 崽仔 · first_building Siege Workshop |
| 26:33 | BsqfslY · age_up castle |
| 26:50 | 蕾开丝滑 · first_building Castle |
| 27:29 | 姜小鱼 · first_building Barracks |
| 28:29 | 蕾开丝滑 · wall_segment Stone Wall x14 |
| 29:12 | 姜小鱼 · first_building Archery Range |
| 29:47 | BsqfslY · first_building Castle |
| 30:23 | 姜小鱼 · first_market_buy 100 wood |
| 30:24 | NEWGUY · resign |
| 31:00 | 蕾开丝滑 · first_building Stable |
| 33:22 | 蕾开丝滑 · age_up imperial |
| 33:39 | 蕾开丝滑 · first_market_sell 500 food |
| 34:24 | 蕾开丝滑 · first_building Donjon |
| 36:02 | 姜小鱼 · age_up imperial |
| 36:08 | 姜小鱼 · first_market_sell 100 food |
[ ANÁLISIS IA · 1 CRÉDITO ]
¿Qué pasó realmente en esta partida?
Wolo.gg analiza cada decisión: build order, eco, micro, errores típicos por bracket. Análisis personalizado por WhatsApp o Discord en 30 segundos.
Guía civ
Persas
Perfil
Jugador #16726917